 Dungeon Crawl Stone Soup version 0.28.0-49-g6dfe1f597d (webtiles) character file.

Game seed: 8704962466861814294

43 nickcage the Slasher (level 3, -6/29 HPs)
             Began as a Demonspawn Abyssal Knight on May 17, 2022.
             Was a Follower of Lugonu.
             Mangled by a gnoll
             ... wielding a +0 spear
              (8 damage)
             ... on level 2 of the Dungeon.
             The game lasted 00:01:57 (1502 turns).

nickcage the Slasher (Demonspawn Abyssal Knight)    Turns: 1502, Time: 00:01:58

Health: -6/29      AC:  3    Str: 15    XL:     3   Next: 37%
Magic:  4/4        EV: 11    Int: 11    God:    Lugonu [*.....]
Gold:   82         SH:  0    Dex: 13    Spells: 2/2 levels left

rFire   . . .      SeeInvis .   a - +1 falchion
rCold   . . .      Faith    .   (no shield)
rNeg    . . .      Spirit   .   b - +0 leather armour
rPois   .          Reflect  .   (no helmet)
rElec   .          Harm     .   (no cloak)
rCorr   .          Rampage  .   (no gloves)
Will    .....                   (no boots)
Stlth   +.........              (no amulet)
HPRegen 0.09/turn               f - ring of flight
MPRegen 0.09/turn               (no ring)

@: flying
A: ignite blood 1
a: Renounce Religion, Depart the Abyss


You were on level 2 of the Dungeon.
You worshipped Lugonu.
Lugonu was aware of your devotion.
You visited 1 branch of the dungeon, and saw 2 of its levels.
You visited the Abyss 1 time.

You collected 82 gold pieces.

Inventory:

Hand Weapons
 a - a +1 falchion (weapon)
Armour
 b - a +0 leather armour (worn)
Jewellery
 f - a ring of flight (left hand)
Scrolls
 c - a scroll of magic mapping {unknown}
 d - a scroll of holy word {unknown}
Potions
 e - a potion of mutation {unknown}


   Skills:
 - Level 3.0 Fighting
 + Level 3.5 Long Blades
 - Level 1.7 Armour
 - Level 0.8 Dodging
 - Level 2.4 Invocations


You had 2 spell levels left.
You didn't know any spells.
Your spell library contained the following spells:

 Spells                   Type           Power      Damage    Failure   Level
 Ignite Poison            Fire/Tmut/Pois 0%         N/A       78%         3
 Mephitic Cloud           Conj/Pois/Air  0%         N/A       78%         3
 Freezing Cloud           Conj/Ice/Air   0%         6-21      100%        5


Dungeon Overview and Level Annotations

Branches:
Dungeon (2/15)

Altars:


Innate Abilities, Weirdness & Mutations

Your demonic aura sometimes causes spilled blood to erupt in flames.


Message History

You see here a +0 falchion.
The bat barely misses you.
You completely miss the bat. The bat hits you but does no damage.
You hit the bat.
You kill the bat!
Lugonu accepts your kill.
No target in view!
A worm comes into view.
You hit the worm but do no damage. You hit the worm.
The worm is moderately wounded.
The worm bites you.
You hit the worm.
The worm is moderately wounded.
The worm bites you.
You hit the worm.
The worm is severely wounded.
You slash the worm!
You kill the worm!
Lugonu accepts your kill.
No target in view!
No target in view!
A gnoll comes into view. It is wielding a +0 flail.
A gnoll comes into view. It is wielding a +0 spear.
You barely miss the gnoll. The gnoll closely misses you.
You closely miss the gnoll. The gnoll hits you with a +0 flail.
The gnoll hits you from afar with a +0 spear.
You slash the gnoll!
The gnoll is heavily wounded.
The gnoll closely misses you. The gnoll hits you with a +0 flail!
You hit the gnoll.
The gnoll is severely wounded.
The gnoll hits you but does no damage. The gnoll hits you with a +0 flail!
* * * LOW HITPOINT WARNING * * *
You hit the gnoll.
You kill the gnoll!
Lugonu accepts your kill.
The gnoll throws a throwing net.
The throwing net misses you.
The gnoll hits you from afar with a +0 spear!
You die...

.# #. .# #.###. .#
#..... .# #####. .#
#####. ##.# #.....
#g.# ####.#### #)#
#......## ###@####
#.##..... #..°...#
#.##.#.## #.#.##.#
#.##.#.##
#....#.#####.##..)..
.....................
###..(.#.#####.##.....
#......# #.##.#.#.
######.# #........ #.#
#####.###


You could see a gnoll.

Vanquished Creatures
  A gnoll (D:2)
  A worm (D:2)
  2 dart slugs
  4 endoplasms (D:1)
  A giant cockroach (D:1)
  3 goblins
  3 hobgoblins (D:1)
  6 kobolds
  A quokka (D:1)
  3 ball pythons
  3 bats
  3 frilled lizards
  3 rats (D:1)
34 creatures vanquished.

Vanquished Creatures (others)
  An endoplasm (D:2)
1 creature vanquished.

Grand Total: 35 creatures vanquished

Notes
Turn   | Place    | Note
-------+----------+-------------------------------------------
     0 | Abyss:1  | nickcage the Demonspawn Abyssal Knight began the quest for
                  | the Orb.
     0 | Abyss:1  | Reached XP level 1. HP: 18/18 MP: 2/2
    27 | D:1      | Escaped the Abyss
   207 | D:1      | Found a faded altar of an unknown god.
   293 | D:1      | Gained mutation: Your demonic aura sometimes causes spilled
                  | blood to erupt in flames. [demonic ancestry]
   293 | D:1      | Reached XP level 2. HP: 23/24 MP: 3/3
   464 | D:1      | Reached * piety under Lugonu
   972 | D:1      | Reached XP level 3. HP: 28/29 MP: 4/4
  1502 | D:2      | Mangled by a gnoll

Illustrated notes

Levels and vault maps discovered:
D:1:      dpeg_arrival_rhombi, layout_loops_ring, ebering_ecumenical_altar_webs
D:2:      layout_loops_corners, lemuel_flame_loot_1

Skill      XL: |  1  2 |
---------------+-------+-----
Long Blades    | 2 3 |  3.5
Fighting       | |  3.0
Armour         | |  1.7
Dodging        | |  0.8
Invocations    | |  2.4

Action                   || total
-------------------------++-------
Melee: Falchion          ||    73
       Punch             ||     3
Invok: Depart the Abyss  ||     1
 Stab: Sleeping          ||     1
Armor: Leather armour    ||    16
Dodge: Dodged            ||    45
